Map: Imperio eterno EE

Players

MrFercho

  • Race: Zerg Zerg
  • League: Gold
  • Spawn Location: 7:00

LEONUwU - Winner!

  • Race: Protoss Protoss
  • League: Gold
  • Spawn Location: 1:00

VOD

Have the link to the VOD?

Description

Time

  • Played on: July 27, 2020, 11:26 p.m.
  • Length: 7:53
Show
View Real Time Build Order
Export as new Build Order

MrFercho Zerg 

Build Orders: Hatch First 

Get SALT Encoding   

  12  0:02  Drone  
  13  0:17  Overlord  
  13  0:31  Drone  
  13  0:35  Drone  
  15  0:41  Drone  
  16  0:54  Drone  
  16  0:56  Hatchery  
  16  1:03  Drone  
  17  1:11  Drone  
  17  1:17  Extractor  
  17  1:22  Spawning Pool  
  17  1:23  Drone  
  17  1:33  Drone  
  18  1:44  Drone  
  19  2:18  Drone x4  
  23  2:24  Queen x2  
  23  2:25  Overlord, Roach Warren  
  26  2:30  Extractor  
  25  2:46  Drone  
  25  2:47  Drone x2  
  25  2:48  Drone  
  29  2:56  Zergling x4  
  31  3:05  Lair  
  31  3:10  Drone  
  32  3:14  Queen  
  32  3:16  Drone x2  
  36  3:20  Overlord  
  36  3:41  Roach x4  
  38  3:45  Extractor, Drone  
  38  3:47  Overlord x2  
  43  4:09  Ravager x3  
  47  4:10  Ravager  
  47  4:12  Roach x3  
  47  4:14  Drone x3  
  56  4:39  Roach  
  56  4:40  Roach  
  56  4:43  Overlord  
  56  4:44  Overlord  
  60  4:59  Queen  
  56  5:13  Roach x6  
  58  5:34  Spine Crawler  
  58  5:35  Spore Crawler  
  51  5:37  Roach  
  51  5:38  Roach x5  
  56  6:01  Ravager x5  
  56  6:03  Drone x4  
  63  6:21  Roach x4  
  69  6:32  Roach x2  
  65  6:44  Roach  
  65  6:45  Roach  
  42  7:18  Roach x6  
  47  7:44  Hydralisk Den  
  46  7:48  Hatchery  
Show
View Real Time Build Order
Export as new Build Order

LEONUwU Protoss - Winner!

Build Orders:  

Get SALT Encoding   

  12  0:00  Probe  
  13  0:17  Probe  
  14  0:24  Pylon  
  14  0:30  Probe  
  15  0:43  Gateway  
  15  0:49  Forge  
  15  0:55  Probe  
  16  1:02  Assimilator  
  16  1:07  Probe (Chrono Boost)  
  17  1:45  Pylon  
  17  1:50  Probe  
  17  1:51  Cybernetics Core  
  17  1:54  Assimilator  
  18  2:02  Probe  
  18  2:05  Photon Cannon  
  18  2:07  Photon Cannon  
  19  2:09  Photon Cannon  
  19  2:26  Pylon  
  19  2:30  Probe  
  20  2:47  Robotics Facility  
  20  2:55  Photon Cannon  
  20  2:56  Photon Cannon  
  20  3:01  Shield Battery  
  20  3:05  Probe (Chrono Boost)  
  21  3:17  Probe (Chrono Boost)  
  22  3:31  Probe  
  22  3:32  Immortal (Chrono Boost)  
  27  3:43  Shield Battery  
  27  4:08  Photon Cannon  
  27  4:13  Immortal (Chrono Boost)  
  31  4:48  Warp Prism (Chrono Boost)  
  33  4:56  Shield Battery  
  33  5:17  Immortal  
  37  6:05  Pylon  
  37  6:24  Immortal (Chrono Boost)  
  41  6:35  Shield Battery  
  41  6:36  Shield Battery  
  41  6:58  Immortal (Chrono Boost)  
  45  7:35  Pylon  
  45  7:37  Pylon  
Tags
 
League
GoldGold
Matchup
PvZ
Replay Pack
MrFercho
Spawn Locations
Cross Positions
Add a new tag
Caveats
  • Supply blocks, unpowered buildings, or Contaminate may cause inaccurate times.
  • Supply counts are checked every 10 seconds.